 Dungeon Crawl Stone Soup version 0.28.0 (webtiles) character file.

Game seed: 10210869529502123606

4 ooooo the Conjurer (level 1, -1/11 HPs)
             Began as an Octopode Conjurer on Feb 12, 2022.
             Slain by a jackal (3 damage)
             ... on level 1 of the Dungeon.
             The game lasted 00:00:24 (394 turns).

ooooo the Conjurer (Octopode Conjurer)               Turns: 394, Time: 00:00:24

Health: -1/11      AC:  1    Str:  6    XL:     1   Next: 70%
Magic:  3/3        EV: 13    Int: 20    God:
Gold:   10         SH:  0    Dex: 10    Spells: 3/4 levels left

rFire   . . .      SeeInvis .   d - +2 dagger (protect)
rCold   . . .      Faith    .   (no shield)
rNeg    . . .      Spirit   .   (helmet restricted)
rPois   .          Reflect  .   (no amulet)
rElec   .          Harm     .   (no ring)
rCorr   .          Rampage  .   (no ring)
Will    .....                   (no ring)
Stlth   +++.......              (no ring)
HPRegen 0.03/turn               (no ring)
MPRegen 0.08/turn               (no ring)
                                (no ring)
                                (no ring)

@: no status effects
A: almost no armour, amphibious, 8 rings, camouflage 1, gelatinous body 1,
(nimble swimmer 1), tentacles
a: no special abilities


You were on level 1 of the Dungeon.
You visited 1 branch of the dungeon, and saw 1 of its levels.

You collected 10 gold pieces.

Inventory:

Hand Weapons
 d - a +2 dagger of protection (weapon)
Scrolls
 a - a scroll of enchant weapon {unknown}
 b - a scroll of vulnerability {unknown}
Potions
 c - 2 potions of brilliance {unknown}


   Skills:
 + Level 2.1 Dodging
 + Level 2.9 Stealth
 + Level 2.0 Spellcasting
 + Level 4.0 Conjurations


You had 3 spell levels left.
You knew the following spells:

 Your Spells              Type           Power      Damage    Failure   Level
a - Magic Dart            Conj           72%        1d6       3%          1

Your spell library contained the following spells:

 Spells                   Type           Power      Damage    Failure   Level
 Searing Ray              Conj           36%        2d5       4%          2
 Dazzling Flash           Conj/Hex       20%        N/A       21%         3
 Fulminant Prism          Conj/Hex       5%         3d7       56%         4
 Iskenderun's Mystic Bla  Conj/Tloc      10%        2d4       56%         4


Dungeon Overview and Level Annotations

Branches:
Dungeon (1/15)

Altars:


Innate Abilities, Weirdness & Mutations

You cannot wear most types of armour.
You are amphibious.
You can wear up to eight rings at the same time.
Your skin changes colour to match your surroundings (Stealth+).
Your rubbery body absorbs attacks. (AC +1, EV +1)
((You are camouflaged when in or above water. (Stealth+)))
You have tentacles for arms and can constrict up to eight enemies at once.


Message History

The helpless jackal fails to defend itself.
You puncture the jackal!
Your weapon exudes an aura of protection.
You kill the jackal!
Found a bubbling grey potion.
The jackal barks! x2; You hear a shout!
You hear an angry hiss.
The jackal misses you.
A rat comes into view.
The jackal closely misses you.
You completely miss the jackal. Your grab misses the jackal.
A ball python comes into view.
The jackal misses you. The jackal bites you.
A kobold comes into view. It is wielding a +0 dagger of venom.
You barely miss the jackal. Your grab misses the jackal.
Your squeeze misses the jackal.
A bat comes into view.
The jackal completely misses you. The jackal misses you.
A giant cockroach comes into view.
The jackal barely misses you.
You closely miss the jackal. You grab the jackal. You tentacle-slap the jackal.
The jackal is heavily wounded.
You constrict the jackal, but do no damage.
The jackal bites you. The jackal misses you. x2
You hit the jackal but do no damage.
Your weapon exudes an aura of protection.
You squeeze the jackal, but do no damage.
The jackal is heavily wounded.
You constrict the jackal, but do no damage.
The jackal bites you. The jackal barely misses you.
A kobold comes into view. It is wielding a +0 whip.
You release your grip on the jackal.
The jackal closely misses you. The bat hits you but does no damage.
The jackal barely misses you.
There is an open door here.
The bat hits you but does no damage.
You closely miss the jackal.
The kobold shouts!
Your grab misses the jackal. The jackal bites you.
* * * LOW HITPOINT WARNING * * *
The jackal bites you.
You die...

#..P.PP.P...........
##..........########
#######..#........########
#.....>...................
#.####.###.....^..########
#.##########.########
#....................
####.................
#@#######.########
###h##### #.........
#.SKh...# ##########
......(Bb...... .
#####.......... #
#.......... #..K.######
#..... #.....


You could see 2 jackals, a giant cockroach, a bat, a ball python and 2 kobolds.

Vanquished Creatures
  An endoplasm (D:1)
  A jackal (D:1)
  3 kobolds (D:1)
5 creatures vanquished.

Notes
Turn   | Place    | Note
-------+----------+-------------------------------------------
     0 | D:1      | ooooo the Octopode Conjurer began the quest for the Orb.
     0 | D:1      | Reached XP level 1. HP: 11/11 MP: 3/3
   394 | D:1      | Slain by a jackal

Illustrated notes

Levels and vault maps discovered:
D:1:      minmay_arrival_semitransparent, layout_basic,
          dreamdust_ecumenical_altar_grove, minmay_cut_off

Action                   || total
-------------------------++-------
Melee: Dagger            ||     6
       Unarmed           ||     5
       Tentacles         ||     2
       Constrict         ||     1
       Punch             ||     1
 Cast: Magic Dart        ||     6
 Stab: Sleeping          ||     1
Armor: Skin              ||     2
Dodge: Dodged            ||    12
